AoeStats
← robain6

Migration

509447939Analyzed
1v1 RM · 4d ago on Sep 26, 2026· 67m 19s· 2 players
Game mode
Random Map
Map size
132×132
Population
200
Speed
Normal
Resources
Standard
Victory
Conquest
Starting age
Dark Age
Ending age
Imperial Age
RankedLock teamsTeams togetherTeam positionsShared explorationLock speedFull tech treeHidden civsTurbo modeCheats
Victory
Defeat
🇸🇮 Hindustanis · Slovenia
1026
+17
🇩🇪 Portuguese · Germany
1049
-17
TheRustyHammer
11:28 Feudal Age
10:54 Loom
15:31 Castle Age
13:18 Fishing Lines
13:52 Double-Bit Axe
16:40 Town Watch
22:29 Imperial Age
24:23 Medium Warships
32:45 Fletching
32:56 Padded Archer Armor
34:21 Gillnets
35:36 Elite Skirmisher
37:22 Bodkin Arrow
37:43 Leather Archer Armor
39:33 Gold Mining
41:21 Wheelbarrow
45:17 Ballistics
45:57 Chemistry
46:08 Horse Collar
47:11 Masonry
51:10 Conscription
51:30 Hoardings
52:19 Thumb Ring
60:24 Bracer
60:54 Ring Archer Armor
60:35 Forging
60:39 Heavy Plow
62:54 Bow Saw
62:50 Elite Ghulam
64:35 Shatagni
65:52 Iron Casting
robain6
12:44 Feudal Age
13:45 Fishing Lines
14:01 Loom
16:23 Castle Age
15:31 Double-Bit Axe
18:50 Medium Warships
18:50 Gillnets
20:22 Bow Saw
21:51 Wheelbarrow
21:03 Town Watch
22:38 Hand Cart
22:35 Stone Mining
22:52 Gold Mining
24:28 Stone Shaft Mining
25:43 Fletching
26:09 Horse Collar
29:47 Imperial Age
28:38 Masonry
28:09 Treadmill Crane
28:45 Heavy Plow
33:26 Imperial Age
35:32 Chemistry
35:03 Architecture
34:54 Ballistics
34:37 Padded Archer Armor
35:27 Thumb Ring
40:14 Conscription
40:24 Elite Skirmisher
43:00 Leather Archer Armor
42:41 Bodkin Arrow
47:03 Thumb Ring
56:51 Elite Cannon Galleon
56:55 Elite Caravel
58:02 Heavy Warships
62:53 Conscription
63:32 Light Cavalry
64:22 Bloodlines
64:13 Husbandry
Connection lost

Rejoining the realm…

Still unreachable

The connection could not be restored.

Session expired

The server has moved on; the page needs a fresh start.